 Dungeon Crawl Stone Soup version 0.31-a0-983-g7b6862f502 (webtiles) character file.

Game seed: 14355157714219579225

3428 Maratek the Cleaver (level 9, -10/68 HPs)
             Began as a Demonspawn Fighter on Nov 2, 2023.
             Was a Priest of Qazlal.
             Mangled by a cyclops (12 damage)
             ... on level 8 of the Dungeon.
             The game lasted 00:10:34 (6277 turns).

Maratek the Cleaver (Demonspawn Fighter)            Turns: 6277, Time: 00:10:35

Health: -10/68     AC: 18    Str: 24    XL:     9   Next: 76%
Magic:  9/9        EV: 13    Int: 15    God:    Qazlal [***...]
Gold:   368        SH:  4    Dex: 16    Spells: 8/8 levels left

rFire   . . .        t - +9 dagger of Yeast {flame, Str+3}
rCold   . . .        (no shield)
rNeg    . . .        H - +0 plate armour
rPois   .            (helmet restricted)
rElec   .            j - +0 cloak
rCorr   .            b - +2 pair of gloves {Dex+3}
SInv    .            (no boots)
Will    .....        o - amulet of regeneration Stlth
                     p - +5 ring of evasion
HPRegen 1.11/turn    r - +6 ring of intelligence
MPRegen 0.11/turn

%: no passive effects
@: no status effects
A: antennae 2, hooves 1, foul stench 1, spiny 2, demonic touch 2
a: Renounce Religion, Upheaval, Elemental Force


You were on level 8 of the Dungeon.
You worshipped Qazlal.
Qazlal was most pleased with you.
You visited 1 branch of the dungeon, and saw 8 of its levels.

You collected 368 gold pieces.

Inventory:

Hand Weapons
 a - a +0 war axe
 t - the +9 dagger of Yeast (weapon) {flame, Str+3}
   (You found it on level 6 of the Dungeon)

   Str+3:     It affects your strength (+3).
Armour
 b - a +2 pair of gloves of dexterity (worn)
 j - a +0 cloak (worn)
 H - a +0 plate armour (worn)
Jewellery
 k - a ring of fire
 o - an amulet of regeneration (around neck)
 p - a +5 ring of evasion (left hand)
 r - a +6 ring of intelligence (right hand)
 w - a ring of protection from cold
Wands
 v - a wand of roots (12)
 A - a wand of charming (7)
 E - a wand of mindburst (16)
Scrolls
 c - a scroll of vulnerability
 n - a scroll of fear
 u - a scroll of silence
 x - a scroll of noise
 y - a scroll of teleportation
 B - a scroll of identify
 D - 2 scrolls of revelation
Potions
 d - 3 potions of might
 e - 3 potions of curing
 f - 4 potions of degeneration
 g - 2 potions of heal wounds
 h - a potion of magic
 i - a potion of cancellation {unknown}
 l - a potion of haste
 m - a potion of resistance {unknown}
 q - a potion of mutation {unknown}
 s - a potion of brilliance {unknown}
 z - a potion of ambrosia {unknown}
 C - 2 potions of invisibility {unknown}


   Skills:
 + Level 5.6 Fighting
 + Level 2.8 Short Blades
 + Level 8.2 Axes
 + Level 7.6 Armour
 + Level 3.4 Dodging
 + Level 1.2 Stealth
 + Level 3.3 Shields


You had 8 spell levels left.
You didn't know any spells.
Your spell library contained the following spells:

 Spells                   Type           Power      Damage    Failure   Level
 Magic Dart               Conj           0%         1d3       98%         1
 Shock                    Conj/Air       0%         1d3       98%         1
 Slow                     Hex            0%         N/A       98%         1
 Summon Small Mammal      Summ           0%         N/A       98%         1
 Call Imp                 Summ           0%         N/A       99%         2
 Sublimation of Blood     Necr           0%         N/A       99%         2
 Wereblood                Tmut           0%         N/A       99%         2
 Call Canine Familiar     Summ           0%         N/A       100%        3
 Confusing Touch          Hex            0%         N/A       100%        3
 Mephitic Cloud           Conj/Pois/Air  0%         N/A       100%        3
 Sigil of Binding         Hex            0%         N/A       100%        3
 Summon Guardian Golem    Hex/Summ       0%         N/A       100%        3
 Swiftness                Air            0%         N/A       100%        3
 Vampiric Draining        Necr           0%         2d6       100%        3
 Airstrike                Air            0%         2d(0-16)  100%        4
 Summon Hydra             Summ           0%         N/A       100%        7


Dungeon Overview and Level Annotations

Branches:
Dungeon (8/15)             Temple (0/1) D:6
   Lair: D:8-11

Altars:
Okawaru
Qazlal
Ru
Vehumet
Yredelemnul

Shops:
D:8 *

Annotations:
D:3 2 transporters, Tungsten's ghost, weakling DrSh
D:4 1 runed translucent door, Crazy Yiuf
D:5 1 runed translucent door


Innate Abilities, Weirdness & Mutations

You have a pair of antennae on your head.
You have large cloven feet.
You may rarely emit foul miasma when damaged in melee.
You are mostly covered in sharp spines.
Your touch may inflict irresistible damage on your foes.


Message History

You are too injured to fight recklessly!
Unknown command.
You are too injured to fight recklessly!
Unknown command.
You barely miss the tengu warrior. Your kick misses the tengu warrior.
The tengu warrior is heavily wounded.
You hit the tengu warrior. You burn the tengu warrior.
Your touch misses the tengu warrior.
The tengu warrior is heavily wounded.
The tengu warrior slips past you!
The tengu warrior is struck by your spines.
The tengu warrior hits you with a +0 great sword!
The tengu warrior closely misses you.
The tengu warrior claws you but does no damage.
The vampire hits you. The vampire bites you!
* * * LOW HITPOINT WARNING * * *
The vampire draws strength from your injuries!
You hit the cyclops. You burn the cyclops. You kick the cyclops.
The cyclops is moderately wounded.
The tengu warrior is struck by your spines.
The tengu warrior hits you but does no damage.
The tengu warrior pecks you but does no damage.
The tengu warrior claws you.
* * * LOW HITPOINT WARNING * * *
The vampire hits you.
* * * LOW HITPOINT WARNING * * *
The vampire bites you!
* * * LOW HITPOINT WARNING * * *
The vampire draws strength from your injuries!
You hit the tengu warrior but do no damage.
You kick the tengu warrior.
The tengu warrior is severely wounded.
The tengu warrior barely misses you.
The tengu warrior pecks you but does no damage.
The tengu warrior claws you but does no damage.
The vampire completely misses you. The vampire bites you.
* * * LOW HITPOINT WARNING * * *
The vampire draws strength from your injuries!
The cyclops is struck by your spines. The cyclops hits you!
You die...

......####........####.#...####..
.....## ##.#.###.# #.....# ##.
....## ###.# #.## #####.# ##
...## #.# #..# ###.###### ###
#########.# #........#
..........# #.#.####.. #=...#.#.#
#.#.# #.. ...###Q#.# #.#.####.# .
#.☼@..# #.#...##.# #....CV.#
#.###.##.# #....#.#..# #.# #.....
...###.#..# #.######.# .# .. ..#
#......... ... ..# ########## ##.
..# .. ..#


You could see a tengu warrior, a cyclops and a vampire.

Vanquished Creatures
  An efreet (D:8)
  A wraith (D:7)
  Duvessa (D:6)
  An orc warrior (D:7)
  A sky beast (D:4)
  3 ice beasts (D:7)
  A black bear (D:4)
  3 ogres
  A centaur (D:8)
  A phantom (D:6)
  2 bullfrogs (D:7)
  2 scorpions
  16 wights
  Dowan (D:6)
  A howler monkey (D:6)
  2 jellies
  5 orc priests
  3 hounds
  Natasha (thrice) (D:4)
  2 iguanas (D:4)
  2 orc wizards
  5 gnolls
  11 adders
  2 shadow imps
  A white imp (D:7)
  6 worms
  6 dart slugs
  16 orcs
  7 ball pythons
  8 endoplasms
  2 giant cockroaches
  16 goblins
  16 hobgoblins
  10 jackals
  11 kobolds
  3 quokkas
  7 bats
  5 frilled lizards
  5 rats
190 creatures vanquished.

Notes
Turn   | Place    | Note
-------+----------+-------------------------------------------
     0 | D:1      | Maratek the Demonspawn Fighter began the quest for the Orb.
     0 | D:1      | Reached XP level 1. HP: 18/18 MP: 1/1
   156 | D:1      | Gained mutation: You are partially covered in sharp spines.
                  | [demonic ancestry]
   156 | D:1      | Reached XP level 2. HP: 14/24 MP: 2/2
   168 | D:1      | Reached skill level 2 in Axes
   384 | D:1      | Discovered your monstrous ancestry.
   384 | D:1      | Gained mutation: Your touch may inflict minor irresistible
                  | damage on your foes. [demonic ancestry]
   384 | D:1      | Reached XP level 3. HP: 28/29 MP: 3/3
  1111 | D:2      | Gained mutation: Your touch may inflict irresistible damage
                  | on your foes. [demonic ancestry]
  1111 | D:2      | Reached XP level 4. HP: 35/35 MP: 4/4
  1206 | D:2      | Reached skill level 3 in Axes
  1701 | D:3      | Found a stormy altar of Qazlal.
  1786 | D:3      | Became a worshipper of Qazlal Stormbringer
  2083 | D:3      | Noticed Tungsten's ghost (weakling DrSh)
  2084 | D:3      | Found a transporter.
  2087 | D:3      | Found a transporter.
  2163 | D:3      | Gained mutation: You are mostly covered in sharp spines.
                  | [demonic ancestry]
  2163 | D:3      | Reached XP level 5. HP: 39/41 MP: 5/5
  2180 | D:3      | Reached * piety under Qazlal
  2539 | D:4      | Noticed a black bear
  2542 | D:4      | Killed a black bear
  2543 | D:4      | Reached skill level 4 in Axes
  2621 | D:4      | Noticed Natasha
  2626 | D:4      | Killed Natasha
  2627 | D:4      | Gained mutation: You may rarely emit foul miasma when
                  | damaged in melee. [demonic ancestry]
  2627 | D:4      | Reached XP level 6. HP: 42/48 MP: 6/6
  2712 | D:4      | Found a radiant altar of Vehumet.
  2805 | D:4      | Noticed Natasha
  2812 | D:4      | Killed Natasha
  2882 | D:4      | Found an iron altar of Okawaru.
  2887 | D:4      | Noticed a sky beast
  2894 | D:4      | Killed a sky beast
  2934 | D:4      | Reached skill level 5 in Axes
  2937 | D:4      | Reached skill level 1 in Dodging
  2938 | D:4      | Gained mutation: You have a pair of small antennae on your
                  | head. [demonic ancestry]
  2938 | D:4      | Reached XP level 7. HP: 35/54 MP: 7/7
  3138 | D:4      | Reached ** piety under Qazlal
  3189 | D:4      | Found a runed translucent door.
  3190 | D:4      | Noticed Crazy Yiuf
  3237 | D:4      | Noticed Natasha
  3242 | D:4      | Killed Natasha
  3547 | D:5      | Entered Level 5 of the Dungeon
  3653 | D:5      | Noticed a human
  3654 | D:5      | Found a runed translucent door.
  3669 | D:5      | Found a basalt altar of Yredelemnul.
  4199 | D:6      | Identified the +9 dagger of Yeast {flame, Str+3}
  4210 | D:6      | Reached skill level 6 in Axes
  4222 | D:6      | Found a staircase to the Ecumenical Temple.
  4333 | D:6      | Gained mutation: You have large cloven feet. [demonic
                  | ancestry]
  4333 | D:6      | Reached XP level 8. HP: 32/61 MP: 8/8
  4340 | D:6      | Reached skill level 5 in Armour
  4486 | D:6      | Reached skill level 7 in Axes
  4562 | D:6      | Noticed Duvessa
  4573 | D:6      | Killed Duvessa
  4601 | D:6      | Noticed Dowan
  4606 | D:6      | Killed Dowan
  4627 | D:6      | Found a sacrificial altar of Ru.
  4736 | D:6      | Reached *** piety under Qazlal
  4914 | D:7      | Reached skill level 5 in Fighting
  4916 | D:7      | Gained mutation: You have a pair of antennae on your head.
                  | [demonic ancestry]
  4916 | D:7      | Reached XP level 9. HP: 68/68 MP: 9/9
  5070 | D:7      | Reached skill level 1 in Short Blades
  5122 | D:7      | Reached skill level 8 in Axes
  5752 | D:7      | Identified a scroll of acquirement
  5752 | D:7      | Acquired a +2 pair of gloves of dexterity
  5933 | D:8      | Reached skill level 1 in Stealth
  6075 | D:8      | Found Kiunyum's Demolitions Depot.
  6131 | D:8      | Noticed an efreet
  6140 | D:8      | Killed an efreet
  6266 | D:8      | Noticed a tengu warrior
  6268 | D:8      | Noticed a cyclops
  6277 | D:8      | HP: 2/68 [vampire (4)]
  6277 | D:8      | Mangled by a cyclops

Illustrated notes

Levels and vault maps discovered:
D:1:      dpeg_arrival_simpleton_c, layout_basic, grunt_decor_one_mirror,
          hangedman_feature_mirror, grunt_decor_resistance,
          corexii_item_surrounded_by_moat, st_stairs_3
D:2:      layout_loops_ring, kennysheep_generic_room_15
D:3:      minmay_razor_zed, layout_basic, grunt_qazlal_clouds,
          gammafunk_ghost_arena
D:4:      corexii_shack_village, layout_loops_ring, okawaru_metal_pillars_1_2,
          vehumet_crystals, dreamdust_gnoll_farm, uniq_natasha,
          uniq_crazy_yiuf_cottage
D:5:      layout_gridville, dk_yredelemnul_ordeal
D:6:      layout_gridville, general_overflow_altar, minmay_temple_entry_waves,
          uniq_duvessa
D:7:      layout_basic
D:8:      minmay_tri_box, layout_loops_corners,
          nicolae_gozag_cash_rules_everything_around_me, serial_shops, shop,
          minmay_misc_feat_hallway, nicolae_blasting_shop

Skill      XL: |  1  2  3  4  5  6  7  8  9 |
---------------+----------------------------+-----
Axes           | 2 3 4 5 6 7 8 |  8.2
Armour         | 3 4 6 7 |  7.6
Fighting       | 4 5 |  5.6
Shields        | 3 |  3.3
Dodging        | 1 2 3 |  3.4
Short Blades   | 2 |  2.8
Stealth        | 1 |  1.2

Action                     |  1- 3 |  4- 6 |  7- 9 || total
---------------------------+-------+-------+-------++-------
  Melee: War axe           |    57 |   107 |    35 ||   199
         Touch             |     4 |    21 |    33 ||    58
         Punch             |       |     1 |     1 ||     2
         Dagger            |       |       |   143 ||   143
         Kick              |       |       |    52 ||    52
    Use: Scroll            |     3 |     4 |     8 ||    15
 Armour: Scale mail        |    43 |    51 |    44 ||   138
         Plate armour      |       |       |    49 ||    49
  Dodge: Dodged            |    16 |    54 |   103 ||   173
  Block: Buckler           |     3 |       |       ||     3
         Other             |       |    10 |    23 ||    33

Table legend: (Time is in decaauts)
 A = Elapsed time spent in this place.
 B = Non-inter-level travel time spent in this place.
 C = Inter-level travel time spent in this place.
 D = Time resting spent in this place.
 E = Time spent auto-exploring this place.
 F = Levels seen in this place.
 G = Mean time per level.
                   A        B        C        D        E       F      G
               +--------+--------+--------+--------+--------+-----+--------+
         Total |   6333 |   6037 |    296 |    137 |   4856 |   8 |  791.6 |
       Dungeon |   6333 |   6037 |    296 |    137 |   4856 |   8 |  791.6 |
               +--------+--------+--------+--------+--------+-----+--------+

Top non-repeatable levels by time:
     D:7: 1170 daAuts
     D:4: 1057 daAuts
     D:3: 942 daAuts
     D:1: 889 daAuts
     D:2: 715 daAuts
     D:5: 641 daAuts
     D:6: 572 daAuts
     D:8: 344 daAuts
